 Dungeon Crawl Stone Soup version 0.16-a0-3820-g492871e (webtiles) character file.

333 timbw the Cudgeler (level 6, -2/57 HPs)
             Began as a Troll Hunter on Jan 28, 2015.
             Slain by a thrashing horror (5 damage)
             ... on level 2 of the Abyss.
             The game lasted 00:07:39 (1407 turns).

timbw the Cudgeler (Troll Hunter)                   Turns: 1407, Time: 00:07:39

Health: -2/57      AC:  6    Str: 21    XL:     6   Next: 27%
Magic:  3/3        EV: 10    Int:  7    God:
Gold:   98         SH:  0    Dex: 12    Spells: 0 memorised, 5 levels left

rFire  . . .     SeeInvis .     k - +0 giant club
rCold  . . .     Clarity  .     d - +1 animal skin
rNeg   . . .     SustAb   .     (shield restricted)
rPois  .         Gourm    +     (helmet restricted)
rElec  .         Spirit   .     (no cloak)
rCorr  .         Warding  .     (gloves unavailable)
rMut   .         Stasis   .     (boots unavailable)
MR     +....                    (no amulet)
Stlth  +.........               (no ring)
                                s - ring of protection from magic

@: non-regenerating, diseased, somewhat resistant to hostile enchantments, very
unstealthy
A: unfitting armour, claws 3, fast metabolism 3, gourmand, regeneration 2,
shaggy fur 1, tough skin 2
a: no special abilities


You were on level 2 of the Abyss.
You were not hungry.

You visited 1 branch of the dungeon, and saw 6 of its levels.
You visited the Abyss 1 time.

You collected 98 gold pieces.

Inventory:

Hand weapons
 a - a +0 short sword
 e - a +0 mace
 k - a +0 giant club (weapon)
Missiles
 b - 5 large rocks
 c - a throwing net (quivered)
 n - 4 tomahawks
Armour
 d - a +1 animal skin (worn)
Jewellery
 s - a ring of protection from magic (left claw)
Scrolls
 h - 3 scrolls of remove curse
 o - 2 scrolls of amnesia
Potions
 g - a potion of mutation
 i - a potion of lignification {unknown}
 j - 2 potions of brilliance
 l - a potion of invisibility {unknown}
 m - a potion of might {unknown}
 p - a potion of restore abilities
 q - a potion of cure mutation {unknown}
Comestibles
 f - 3 meat rations
 r - a chunk of flesh


   Skills:
 - Level 1.7 Fighting
 + Level 5.5 Maces & Flails
 - Level 3.6 Throwing
 - Level 1.8 Dodging
 - Level 0.4 Stealth


You had 5 spell levels left.
You didn't know any spells.

Dungeon Overview and Level Annotations

Branches:
Dungeon (6/15)
 Temple: D:4-7

Altars:

Annotations:
D:6 Crazy Yiuf


Innate Abilities, Weirdness & Mutations

You are too large for most types of armour.
You have claws for hands.
Your metabolism is lightning-fast.
You like to eat raw meat.
You heal very quickly.
You are covered in fur (AC +1).
You have very tough skin (AC +2).


Message History

The crimson imp puffs mist at you.
The crimson imp blinks!
You feel ill.
Quiver which item? (- for none, * to show all) (? for menu, Esc to quit)
Quivering
c - 2 throwing nets for throwing.
Throwing (i - inventory. (,) - cycle):
c - 2 throwing nets (quivered)
Press: ? - help, Shift-Dir - straight line, f - chaos spawn
Aim: a chaos spawn You throw a throwing net.
The throwing net hits the chaos spawn.
The chaos spawn is caught in the net!
The chaos spawn struggles against the net.
You feel ill.
An ancient zyme comes into view.
You feel ill.
Found a gateway leading out of the Abyss.
You feel ill.
A thrashing horror comes into view.
The thrashing horror roars!
The thrashing horror misses you. The thrashing horror tramples you.
You die...

.# # ..#.#
#≈#§.#.##
..≈#.#..#
§§#.≈..§.#
.≈≈.≈..#.# # # ≈
#.≈.§X@##..# #∩
#.#.#....##..
≈#≈≈.#..x#.....#
.§...≈§...#....##
≈≈≈≈≈§.3.#......#
......#.#.....##.
#≈≈≈≈.X...##.#..
....#x#.##....#
##...#. .#..


You could see 2 ancient zymes, a thrashing horror, a large abomination and a
chaos spawn.

Vanquished Creatures
  An ogre (D:3)
  A giant frog (D:6)
  A scorpion (D:4)
  An orc priest (D:4)
  A hound (D:6)
  A worker ant (D:4)
  2 hound skeletons
  2 giant mites
  A giant gecko (D:5)
  2 oozes
  An orc (D:4)
  5 bats (D:3)
  A bat skeleton (D:5)
  3 giant cockroaches (D:3)
  A quokka (D:4)
  3 giant newts
  2 kobolds
  3 rats
32 creatures vanquished.

Notes
Turn   | Place    | Note
--------------------------------------------------------------
     0 | D:1      | timbw, the Troll Hunter, began the quest for the Orb.
     0 | D:1      | Reached XP level 1. HP: 19/19 MP: 1/1
   333 | D:3      | Noticed an ogre
   337 | D:3      | Killed an ogre
   337 | D:3      | Reached XP level 2. HP: 28/28 MP: 1/1
   337 | D:3      | Reached XP level 3. HP: 35/35 MP: 2/2
   337 | D:3      | Reached XP level 4. HP: 42/42 MP: 2/2
   787 | D:5      | Entered Level 5 of the Dungeon
   801 | D:4      | HP: 1/42 [orc priest/divine providence (14)]
   934 | D:4      | Reached skill level 4 in Maces & Flails
   944 | D:4      | Reached XP level 5. HP: 49/49 MP: 2/2
  1098 | D:5      | Reached skill level 5 in Maces & Flails
  1217 | D:6      | Reached XP level 6. HP: 51/57 MP: 3/3
  1249 | D:6      | Noticed Crazy Yiuf
  1253 | D:6      | Cast into the Abyss (Crazy Yiuf)
  1327 | Abyss:2  | Noticed an ancient zyme
  1352 | Abyss:2  | Noticed an ancient zyme
  1362 | Abyss:2  | Noticed a large abomination
  1372 | Abyss:2  | Noticed a chaos spawn
  1382 | Abyss:2  | Noticed an ice devil
  1399 | Abyss:2  | Noticed an ancient zyme
  1406 | Abyss:2  | Noticed a thrashing horror
  1407 | Abyss:2  | Slain by a thrashing horror

Action                   |  1- 3 |  4- 6 || total
-------------------------+-------+-------++-------
Melee: Unarmed           |    17 |       ||    17
       Giant club        |       |    87 ||    87
Throw: Large rock        |     3 |     4 ||     7
       Tomahawk          |       |     4 ||     4
       Throwing net      |       |     1 ||     1
  Use: Scroll            |       |     6 ||     6
  Eat: Chunk             |     2 |     9 ||    11
